 Dungeon Sprint DCSS version 0.23.2-1-ga50397a6bc (webtiles) character file.

Game seed: 16692636266342345624

554912 Groucho the Invulnerable (level 22, -21/230 (233) HPs)
             Began as a Minotaur Fighter on May 19, 2019.
             Was the Champion of Cheibriados.
             Killed from afar by Cerebov (54 damage)
             ... with a great blast of fire
             ... in the Dungeon (Sprint IX: "|||||||||||||||||||||||||||||") on May 23, 2019.
             The game lasted 01:02:45 (15621 turns).

Groucho the Invulnerable (Minotaur Fighter)        Turns: 15621, Time: 01:02:46

HP:   -21/230 (233) AC: 39    Str: 42    XL:     22   Next: 15%
MP:   12/43         EV: 41    Int: 20    God:    Cheibriados [******]
Gold: 1827          SH: 27    Dex: 39    Spells: 58/58 levels left

rFire    + + .     SeeInvis .   o - +9 sacred scourge (holy)
rCold    + . .     Gourm    .   D - +4 shield {reflect}
rNeg     + . .     Faith    .   a - +4 gold dragon scales
rPois    +         Spirit   .   (helmet restricted)
rElec    .         Reflect  +   S - +2 cloak
rCorr    .         Harm     .   (no gloves)
MR       ++...     NoTele   +   u - +2 pair of boots of the Assassin {Detection Stab+ Stlth++}
Stlth    +++++++...             n - amulet of regeneration
HPRegen  0.88/turn              L - ring "Xozoam" {rF++ rN+ MR+}
MPRegen  0.28/turn              E - +2 ring of slaying

@: mighty, agile, fire vulnerable, very slightly contaminated, very slow
A: retaliatory headbutt, horns 2
}: 9/17 runes: decaying, serpentine, slimy, elven, silver, golden, abyssal,
glowing, gossamer
a: Bend Time, Temporal Distortion, Slouch, Step From Time, Renounce Religion


You were in the Dungeon.
You worshipped Cheibriados.
Cheibriados was exalted by your worship.
You were not hungry.

You visited 1 branch You collected 1970 gold pieces.
You spent 143 gold pieces at shops.

Inventory:

Hand Weapons
 b - a +3 hand crossbow of flaming
 o - a +9 sacred scourge of holy wrath (weapon)
 C - a +0 broad axe of chopping
Missiles
 c - 155 bolts
Armour
 a - +4 gold dragon scales (worn)
 u - the +2 pair of boots of the Assassin (worn) {Detection Stab+ Stlth++}
   (You found it in the Dungeon)

   It makes you much more stealthy.
 D - a +4 shield of reflection (worn)
 I - a +5 plate armour
 Q - a +5 large shield
 S - a +2 cloak (worn)
Jewellery
 n - an amulet of regeneration (around neck)
 p - a +2 ring of protection
 q - an uncursed ring of protection from cold
 r - a +2 ring of protection
 y - an uncursed ring of protection from magic
 z - an uncursed ring of protection from cold
 E - a +2 ring of slaying (right hand)
 F - an uncursed ring of wizardry
 G - a +6 ring of dexterity
 K - an uncursed ring of protection from fire
 L - the ring "Xozoam" (left hand) {rF++ rN+ MR+}
   (You found it in the Dungeon)

   [ring of protection from magic]

   It greatly protects you from fire.
   It protects you from negative energy.
   It affects your resistance to hostile enchantments.
 M - the ring of Saukyvo {rC+ Str+3 Dex+3}
   (You found it in the Dungeon)

   [ring of strength]

   It affects your strength (+3).
   It affects your dexterity (+3).
   It protects you from cold.
 N - the ring "Xociezeo" {rF+ Int+4}
   (You found it in the Dungeon)

   [ring of protection from fire]

   It affects your intelligence (+4).
   It protects you from fire.
 O - the ring "Moexkeka" {+Fly rElec MR+}
   (You found it in the Dungeon)

   [ring of protection from magic]

   It insulates you from electricity.
   It affects your resistance to hostile enchantments.
   It lets you fly.
 P - the ring "Qiwi" {+Fly rF++ MR+ Str+5}
   (You found it in the Dungeon)

   [ring of protection from magic]

   It affects your strength (+5).
   It greatly protects you from fire.
   It affects your resistance to hostile enchantments.
   It lets you fly.
Wands
 m - a wand of acid (5)
 w - a wand of digging (6)
Scrolls
 j - 12 scrolls of remove curse
 k - a scroll of blinking
 l - 3 scrolls of amnesia
 A - 5 scrolls of fear
 B - 2 scrolls of identify
 J - a scroll of magic mapping {unknown}
 R - a scroll of fog
Potions
 d - 2 potions of might
 e - 6 potions of curing
 g - a potion of flight
 i - 2 potions of magic
 s - a potion of agility
 t - 5 potions of brilliance
Miscellaneous
 v - the horn of Geryon
Comestibles
 f - 2 rations


   Skills:
 O Level 27 Fighting
 - Level 18.8(24.8) Axes
 O Level 27 Maces & Flails
 O Level 27 Crossbows
 O Level 27 Armour
 O Level 27 Dodging
 O Level 27 Stealth
 O Level 27 Shields
 O Level 27 Unarmed Combat
 + Level 18.6 Spellcasting
 O Level 27 Invocations
 - Level 20.3 Evocations


You had 58 spell levels left.
You didn't know any spells.
Your spell library contained the following spells:

 Spells                   Type           Power        Failure   Level  Hunger
 Freeze                   Ice            ###.         10%         1    None
 Summon Butterflies       Summ           ###.....     10%         1    None
 Throw Frost              Conj/Ice       ###...       14%         2    None
 Call Canine Familiar     Summ           ###.....     28%         3    None
 Ozocubu's Armour         Chrm/Ice       ###.....     28%         3    None
 Summon Ice Beast         Ice/Summ       ###.....     67%         4    None
 Throw Icicle             Conj/Ice       ###.....     67%         4    None
 Summon Mana Viper        Hex/Summ       ###.....     95%         5    ##.....
 Summon Hydra             Summ           ###.......   100%        7    ######.


Dungeon Overview and Level Annotations

Branches:
Dungeon (1/1)

Altars:
Cheibriados
Dithmenos
Elyvilon
Fedhas
Gozag
Hepliaklqana
Kikubaaqudgha
Makhleb
Nemelex Xobeh
Okawaru
Qazlal
Ru
Sif Muna
Trog
Uskayaw
Vehumet
Wu Jian
Xom
Yredelemnul
Zin
The Shining One
Beogh
Jiyva
Lugonu

Shops:
D [}!(

Annotations:
D Cerebov


Innate Abilities, Weirdness & Mutations

You reflexively headbutt those who attack you in melee.
You have a pair of horns on your head.


Message History

Cerebov is severely wounded.
You block Cerebov's attack.
Unknown command.
You whack Cerebov!
Cerebov convulses.
You headbutt Cerebov!!
Cerebov is severely wounded.
You whack Cerebov!
Cerebov convulses!
You headbutt Cerebov!
Cerebov is severely wounded.
You block Cerebov's attack.
You hit Cerebov but do no damage. Your headbutt misses Cerebov.
Cerebov is severely wounded.
You block Cerebov's attack.
You punish Cerebov, causing immense pain!!!
Cerebov convulses!!
You headbutt Cerebov!
Cerebov is almost dead.
You hit Cerebov but do no damage.
Cerebov is almost dead.
Cerebov gestures at you.
A raging storm of fire appears!
The great blast of fire engulfs you!!! You partially resist.
You die...

)▓.▓.▓.▓.▓.▓.▓.▓.▓
.▓.▓.▓.▓.▓.▓.▓.▓.▓
.▓.▓.▓.▓.▓.▓'▓.▓φ▓
.▓.▓'▓.▓.▓.▓)▓.▓.▓
.▓.▓.▓.▓.▓.▓.▓.▓.▓
.▓.▓.▓.▓.▓.▓.▓.▓φ▓
'▓.▓†▓.▓.▓.▓.▓.▓.▓
)▓.▓.▓.▓.▓.▓.▓.▓.▓
)▓.▓.▓.▓.▓.▓.▓.▓@▓
)▓.▓.▓.▓.▓.▓)▓.▓&▓
[▓.▓0▓.▓.▓.▓.▓.▓.▓
.▓.▓.▓.▓.▓.▓.▓.▓φ▓
.▓.▓†▓.▓.▓.▓.▓.▓.▓
.▓.▓.▓.▓.▓.▓.▓.▓.▓
.▓.▓.▓.▓.▓.▓'▓.▓φ▓
.▓.▓.▓.▓'▓.▓.▓.▓.▓
'▓.▓.▓.▓.▓.▓.▓.▓


You could see Cerebov.

Vanquished Creatures
  Asmodeus (D)
  Gloorx Vloq (D)
  Ereshkigal (D)
  the Royal Jelly (D)
  Lom Lobon (D)
  Mnoleg (D)
  3 orbs of fire (D)
  Dispater (D)
  Mennas (D)
  6 ancient liches (D)
  Sojobo (D)
  4 greater mummies (D)
  Margery (D)
  A Killer Klown (D)
  Frederick (D)
  Saint Roka (D)
  Xtahua (D)
  2 golden dragons (D)
  Geryon (D)
  A bone dragon (D)
  Jory (D)
  3 electric golems (D)
  A lich (D)
  3 tentacled monstrosities (D)
  A deep elf master archer (D)
  A deep elf blademaster (D)
  28 Orb Guardians (D)
  12 acid blobs (D)
  13 sphinxes (D)
  6 shadow dragons (D)
  Donald (D)
  3 storm dragons (D)
  4 death cobs (D)
  5 nagarajas (D)
  4 draconian monks (D)
  3 tengu reavers (D)
  A fire giant (D)
  A thorn hunter (D)
  A vault warden (D)
  Ilsuiw (D)
  5 deep elf sorcerers (D)
  6 azure jellies (D)
  2 draconian scorchers (D)
  5 ghost moths (D)
  2 draconian knights (D)
  5 emperor scorpions (D)
  2 draconian shifters (D)
  A very ugly thing (D)
  2 deep elf demonologists (D)
  4 stone giants (D)
  Nessos (D)
  2 purple draconians (D)
  8 vampire knights (D)
  3 white draconians (D)
  A green draconian (D)
  2 black draconians (D)
  2 spark wasps (D)
  5 red draconians (D)
  5 yellow draconians (D)
  3 deep elf annihilators (D)
  2 ettins (D)
  Snorg (D)
  4 merfolk javelineers (D)
  2 fire dragons (D)
  6 mummy priests (D)
  6 yaktaur captains (D)
  5 death oozes (D)
  A merfolk impaler (D)
  5 great orbs of eyes (D)
  A rakshasa (D)
  4 ice dragons (D)
  4 naga warriors (D)
  25 vault guards (D)
  A spriggan air mage (D)
  5 hydras (D)
  7 merfolk aquamancers (D)
  3 centaur warriors (D)
  2 ogre magi (D)
  A tengu warrior (D)
  An alligator (D)
  A deep troll shaman (D)
  2 spriggan berserkers (D)
  8 orc high priests (D)
  A deep elf knight (D)
  2 thrashing horrors (D)
  Urug (D)
  Sonja (D)
  4 hell knights (D)
  A wizard (D)
  A deep elf archer (D)
  2 unseen horrors (D)
  8 swamp dragons (D)
  3 naga ritualists (D)
  2 glowing orange brains (D)
  11 orc knights (D)
  3 ironbrand convokers (D)
  A harpy (D)
  A harpy (shapeshifter) (D)
  2 mana vipers (D)
  2 cyclopes (D)
  2 necromancers (D)
  3 wolf spiders (D)
  3 ugly things (D)
  3 manticores (D)
  2 orb spiders (D)
  A worldbinder (D)
  14 moths of wrath (D)
  A black mamba (D)
  2 elephants (D)
  3 naga magi (D)
  2 water nymphs (D)
  3 guardian serpents (D)
  5 vault sentinels (D)
  5 spiny frogs (D)
  A yaktaur (D)
  2 demonic crawlers (D)
  A freezing wraith (D)
  A komodo dragon (D)
  2 efreet (D)
  18 guardian mummies (D)
  A wandering mushroom (D)
  A tengu conjurer (D)
  A troll (D)
  7 polar bears (D)
  A troll (shapeshifter) (D)
  2 merfolk (D)
  A blink frog (D)
  A wind drake (D)
  2 jumping spiders (D)
  A hornet (D)
  A tyrant leech (shapeshifter) (D)
  2 slime creatures (D)
  A large abomination (D)
  A snapping turtle (D)
  2 tyrant leeches (D)
  A blink frog (shapeshifter) (D)
  11 spriggans (D)
  2 tarantellas (D)
  A redback (D)
  A spriggan (shapeshifter) (D)
  A tarantella (shapeshifter) (D)
  A shadow (D)
  2 yaks (D)
  A basilisk (D)
  A hungry ghost (D)
  2 golden eyes (D)
  A warg (D)
  A naga (D)
  2 water moccasins (D)
  2 acid dragons (D)
  2 porcupines (D)
  An ice beast (D)
  A sky beast (D)
  15 orc warriors (D)
  A swamp drake (D)
  An eye of draining (D)
  A wolf (D)
  2 black bears (D)
  An ogre (D)
  A crocodile (D)
  2 centaurs (D)
  6 bullfrogs (D)
  2 small abominations (D)
  A scorpion (shapeshifter) (D)
  A scorpion (D)
  2 crimson imps (D)
  5 orc priests (D)
  2 orc wizards (D)
  2 worker ants (D)
  An ufetubus (D)
  2 dart slugs (D)
  6 orcs (D)
  A bat skeleton (D)
  A giant cockroach (D)
  A goblin (D)
  A hobgoblin (D)
  A frilled lizard (D)
525 creatures vanquished.

Vanquished Creatures (others)
  2 deep elf master archers (D)
  A merfolk javelineer (D)
  A yaktaur captain (D)
4 creatures vanquished.

Grand Total: 529 creatures vanquished

Notes
Turn   | Place    | Note
-------+----------+-------------------------------------------
     0 | D        | Groucho the Minotaur Fighter began the quest for the Orb.
     0 | D        | Reached XP level 1. HP: 19/19 MP: 0/0
    12 | D        | Reached XP level 2. HP: 22/28 MP: 1/1
   250 | D        | Noticed a centaur
   250 | D        | Noticed an ogre
   250 | D        | Noticed a centaur
   258 | D        | Reached skill level 5 in Fighting
   258 | D        | Reached skill level 5 in Armour
   258 | D        | Reached skill level 5 in Shields
   258 | D        | Reached XP level 3. HP: 36/36 MP: 2/2
   262 | D        | Killed a centaur
   262 | D        | Reached skill level 5 in Axes
   262 | D        | Reached XP level 4. HP: 36/45 MP: 3/3
   266 | D        | Killed an ogre
   266 | D        | Reached XP level 5. HP: 37/52 MP: 4/4
   270 | D        | Killed a centaur
   276 | D        | Found a roughly hewn altar of Beogh.
   276 | D        | Found a snail-covered altar of Cheibriados.
   276 | D        | Found a shadowy altar of Dithmenos.
   276 | D        | Found a white marble altar of Elyvilon.
   276 | D        | Found a blossoming altar of Fedhas.
   276 | D        | Found an opulent altar of Gozag.
   277 | D        | Found a hazy altar of Hepliaklqana.
   278 | D        | Found a viscous altar of Jiyva.
   279 | D        | Found an ancient bone altar of Kikubaaqudgha.
   280 | D        | Became a worshipper of Cheibriados the Contemplative
   281 | D        | Found a corrupted altar of Lugonu.
   282 | D        | Found a burning altar of Makhleb.
   283 | D        | Found a sparkling altar of Nemelex Xobeh.
   284 | D        | Found an iron altar of Okawaru.
   285 | D        | Found a stormy altar of Qazlal.
   286 | D        | Found a sacrificial altar of Ru.
   287 | D        | Found a deep blue altar of Sif Muna.
   288 | D        | Found a bloodstained altar of Trog.
   289 | D        | Found a hide-covered altar of Uskayaw.
   290 | D        | Found a radiant altar of Vehumet.
   291 | D        | Found an ornate altar of the Wu Jian Council.
   292 | D        | Found a shimmering altar of Xom.
   293 | D        | Found a basalt altar of Yredelemnul.
   294 | D        | Found a glowing silver altar of Zin.
   295 | D        | Found a glowing golden altar of the Shining One.
   580 | D        | Noticed a sky beast
   580 | D        | Noticed a yak
   584 | D        | Killed a sky beast
   584 | D        | Reached XP level 6. HP: 54/62 MP: 4/6
   592 | D        | Killed an unseen horror
   592 | D        | Reached * piety under Cheibriados
   592 | D        | Reached skill level 10 in Fighting
   592 | D        | Reached skill level 10 in Armour
   592 | D        | Reached skill level 10 in Shields
   592 | D        | Reached skill level 5 in Invocations
   592 | D        | Reached XP level 7. HP: 51/73 MP: 4/9
   597 | D        | Killed a yak
   597 | D        | Reached skill level 10 in Axes
   598 | D        | Reached ** piety under Cheibriados
   600 | D        | Reached XP level 8. HP: 59/81 MP: 5/11
   702 | D        | Noticed a komodo dragon
   702 | D        | Noticed a troll
   702 | D        | Noticed a centaur warrior
   705 | D        | Killed a komodo dragon
   707 | D        | Killed a troll
   707 | D        | Reached *** piety under Cheibriados
   711 | D        | Killed a centaur warrior
   711 | D        | Reached XP level 9. HP: 70/90 MP: 11/13
   715 | D        | Reached **** piety under Cheibriados
   721 | D        | Killed an unseen horror
   833 | D        | Noticed a spiny frog
   833 | D        | Noticed a spiny frog
   836 | D        | Killed a spiny frog
   836 | D        | Reached ***** piety under Cheibriados
   838 | D        | Noticed an elephant
   843 | D        | Killed a spiny frog
   857 | D        | Reached ****** piety under Cheibriados
   861 | D        | Killed an elephant
   861 | D        | Reached XP level 10. HP: 79/101 MP: 15/15
   873 | D        | Noticed an elephant
   890 | D        | Killed an elephant
   914 | D        | Reached skill level 10 in Invocations
  1333 | D        | Noticed a stone giant
  1343 | D        | Killed a stone giant
  1343 | D        | Reached XP level 11. HP: 46/111 MP: 16/18
  1349 | D        | Noticed an orc knight
  1356 | D        | Killed an orc knight
  1722 | D        | Reached skill level 15 in Fighting
  1722 | D        | Reached skill level 15 in Shields
  1725 | D        | Reached skill level 15 in Armour
  2302 | D        | Found Yparhun's Antique Armour Emporium.
  2302 | D        | Noticed an orc high priest
  2302 | D        | Noticed an orc knight
  2302 | D        | Noticed an orc knight
  2302 | D        | Noticed an orc high priest
  2302 | D        | Noticed an orc knight
  2303 | D        | Noticed an orc high priest
  2305 | D        | Killed an orc high priest
  2305 | D        | Reached skill level 15 in Axes
  2305 | D        | Killed an orc knight
  2305 | D        | Killed an orc high priest
  2306 | D        | Noticed an orc high priest
  2307 | D        | Killed an orc knight
  2308 | D        | Noticed an orc high priest
  2309 | D        | Noticed a sun demon
  2310 | D        | Killed an orc knight
  2315 | D        | Found Ucyrch's Gadget Shoppe.
  2316 | D        | Noticed a sun demon
  2316 | D        | Noticed a sun demon
  2316 | D        | Killed an orc high priest
  2319 | D        | Killed an orc high priest
  2322 | D        | Killed an orc high priest
  2323 | D        | Found Eliyxt's Distillery.
  2327 | D        | Found Vieddiuth's Antique Weapon Shoppe.
  2329 | D        | Noticed an orc knight
  2329 | D        | Noticed an orc knight
  2330 | D        | Noticed an orc high priest
  2331 | D        | Noticed an orc high priest
  2337 | D        | Noticed an orc high priest
  2338 | D        | Killed an orc knight
  2343 | D        | Noticed a sun demon
  2352 | D        | Killed an orc knight
  2353 | D        | Killed an orc high priest
  2353 | D        | Reached XP level 12. HP: 57/124 MP: 11/20
  2354 | D        | Killed an orc high priest
  2354 | D        | Killed an orc high priest
  2399 | D        | Bought a glowing hand crossbow for 143 gold pieces
  2550 | D        | Reached skill level 1 in Crossbows
  2552 | D        | Noticed an ice dragon
  2555 | D        | Noticed a red very ugly thing
  2555 | D        | Noticed an ogre mage
  2559 | D        | Noticed a spark wasp
  2560 | D        | Killed an ice dragon
  2561 | D        | Noticed a stone giant
  2564 | D        | Killed a red very ugly thing
  2573 | D        | Killed an ogre mage
  2588 | D        | Killed a stone giant
  2590 | D        | Reached skill level 5 in Crossbows
  2591 | D        | Killed a spark wasp
  3075 | D        | Noticed Urug
  3075 | D        | Noticed Sonja
  3083 | D        | Killed Urug
  3090 | D        | Killed Sonja
  3319 | D        | Noticed Donald
  3332 | D        | Killed Donald
  3779 | D        | Killed a ghost moth
  3779 | D        | Reached XP level 13. HP: 134/134 MP: 0/22
  4095 | D        | Noticed a thorn hunter
  4106 | D        | Killed a thorn hunter
  4239 | D        | Noticed a merfolk javelineer
  4246 | D        | Killed a merfolk javelineer
  4246 | D        | Reached skill level 15 in Invocations
  4272 | D        | Noticed a nagaraja
  4283 | D        | Killed a nagaraja
  4288 | D        | Reached skill level 10 in Crossbows
  4288 | D        | Reached skill level 1 in Dodging
  4288 | D        | Reached skill level 1 in Unarmed Combat
  4950 | D        | Noticed Snorg
  4950 | D        | Noticed Nessos
  4962 | D        | Killed Snorg
  4967 | D        | Killed Nessos
  5449 | D        | Noticed a stone giant
  5449 | D        | Noticed a stone giant
  5459 | D        | Killed a stone giant
  5460 | D        | Paralysed by a great orb of eyes for 7 turns
  5469 | D        | Reached skill level 5 in Dodging
  5469 | D        | Reached skill level 5 in Unarmed Combat
  5475 | D        | Noticed a spark wasp
  5478 | D        | Killed a stone giant
  5478 | D        | Reached XP level 14. HP: 84/146 MP: 18/24
  5483 | D        | Noticed a fire giant
  5489 | D        | Killed a fire giant
  5990 | D        | Noticed a vault warden
  6002 | D        | Reached skill level 10 in Dodging
  6002 | D        | Reached skill level 10 in Unarmed Combat
  6010 | D        | Killed a vault warden
  6127 | D        | Noticed Margery
  6136 | D        | Killed Margery
  6819 | D        | Noticed Mennas
  6883 | D        | Killed Mennas
  6883 | D        | Reached XP level 15. HP: 41/157 MP: 25/25
  7433 | D        | Noticed a tengu reaver
  7441 | D        | Killed a tengu reaver
  7441 | D        | Noticed Sojobo
  7444 | D        | Noticed a tengu reaver
  7468 | D        | Killed Sojobo
  7480 | D        | Killed a tengu reaver
  8222 | D        | Found the +2 pair of boots of the Assassin {Detection Stab+
                  | Stlth++}
  8368 | D        | Noticed a nagaraja
  8379 | D        | Noticed a nagaraja
  8386 | D        | Noticed a nagaraja
  8387 | D        | Killed a nagaraja
  8388 | D        | Noticed a nagaraja
  8399 | D        | Killed a nagaraja
  8403 | D        | Killed a nagaraja
  8405 | D        | Killed a nagaraja
  8413 | D        | Reached skill level 15 in Dodging
  8413 | D        | Reached skill level 15 in Unarmed Combat
  8416 | D        | Got a serpentine rune of Zot
  8706 | D        | Reached skill level 1 in Evocations
  8713 | D        | Noticed Ilsuiw
  8739 | D        | Killed Ilsuiw
  8790 | D        | Killed a ghost moth
  8799 | D        | Reached skill level 5 in Evocations
  8799 | D        | Reached XP level 16. HP: 162/169 MP: 2/26
  8839 | D        | Got a gossamer rune of Zot
  9319 | D        | Got a decaying rune of Zot
  9817 | D        | Noticed Saint Roka
  9834 | D        | Killed Saint Roka
  9864 | D        | Noticed Xtahua
  9873 | D        | Killed Xtahua
  9879 | D        | Noticed Frederick
  9891 | D        | Killed Frederick
 10059 | D        | Reached skill level 27 in Armour
 10076 | D        | Reached skill level 27 in Shields
 10091 | D        | Reached skill level 10 in Evocations
 10098 | D        | Noticed a tentacled monstrosity
 10109 | D        | Killed a tentacled monstrosity
 10114 | D        | Reached XP level 17. HP: 182/182 MP: 16/27
 10224 | D        | Noticed an ancient lich
 10224 | D        | Noticed an ancient lich
 10233 | D        | Killed an ancient lich
 10237 | D        | Killed an ancient lich
 10286 | D        | Got a silver rune of Zot
 10392 | D        | Noticed Jory
 10409 | D        | Killed Jory
 10440 | D        | Got the ring "Xozoam" {rF++ rN+ MR+}
 10442 | D        | Got the ring of Saukyvo {rC+ Str+3 Dex+3}
 10444 | D        | Got the ring "Xociezeo" {rF+ Int+4}
 10446 | D        | Got the ring "Moexkeka" {+Fly rElec MR+}
 10448 | D        | Got the ring "Qiwi" {+Fly rF++ MR+ Str+5}
 10631 | D        | Reached skill level 1 in Maces & Flails
 10652 | D        | Reached skill level 5 in Maces & Flails
 10656 | D        | Paralysed by a great orb of eyes for 6 turns
 10706 | D        | Noticed a bone dragon
 10718 | D        | Killed a bone dragon
 10783 | D        | Reached skill level 5 in Stealth
 10793 | D        | Reached skill level 27 in Fighting
 10793 | D        | Reached skill level 10 in Maces & Flails
 10853 | D        | Noticed an electric golem
 10857 | D        | Killed an electric golem
 10857 | D        | Reached skill level 27 in Dodging
 10871 | D        | Reached XP level 18. HP: 180/200 MP: 22/28
 10900 | D        | Noticed an electric golem
 10901 | D        | Reached skill level 10 in Stealth
 10901 | D        | Reached skill level 15 in Maces & Flails
 10928 | D        | Killed an electric golem
 11556 | D        | Reached skill level 15 in Stealth
 11968 | D        | Noticed an Orb Guardian
 11968 | D        | Noticed an Orb Guardian
 11968 | D        | Noticed an Orb Guardian
 11968 | D        | Noticed an Orb Guardian
 11968 | D        | Noticed an Orb Guardian
 11968 | D        | Noticed an Orb Guardian
 11975 | D        | Killed an Orb Guardian
 11976 | D        | Noticed an Orb Guardian
 11982 | D        | Killed an Orb Guardian
 11987 | D        | Killed an Orb Guardian
 11995 | D        | Killed an Orb Guardian
 11996 | D        | Noticed an Orb Guardian
 11999 | D        | Killed an Orb Guardian
 12002 | D        | Killed an Orb Guardian
 12003 | D        | Noticed an Orb Guardian
 12008 | D        | Killed an Orb Guardian
 12015 | D        | Killed an Orb Guardian
 12016 | D        | Noticed an Orb Guardian
 12026 | D        | Killed an Orb Guardian
 12039 | D        | Killed an Orb Guardian
 12047 | D        | Noticed an Orb Guardian
 12047 | D        | Noticed an Orb Guardian
 12048 | D        | Noticed an Orb Guardian
 12051 | D        | Noticed an Orb Guardian
 12062 | D        | Killed an Orb Guardian
 12067 | D        | Killed an Orb Guardian
 12082 | D        | Killed an Orb Guardian
 12088 | D        | Killed an Orb Guardian
 12088 | D        | Reached XP level 19. HP: 201/207 MP: 29/29
 12110 | D        | Noticed an ancient lich
 12117 | D        | Killed an ancient lich
 12119 | D        | Noticed an orb of fire
 12121 | D        | Killed an orb of fire
 12123 | D        | Noticed an electric golem
 12130 | D        | Killed an electric golem
 12132 | D        | Noticed an orb of fire
 12132 | D        | Noticed a golden dragon
 12132 | D        | Noticed an ancient lich
 12132 | D        | Noticed a golden dragon
 12135 | D        | Noticed an orb of fire
 12140 | D        | Killed an orb of fire
 12156 | D        | Noticed a Brimstone Fiend
 12156 | D        | Killed an ancient lich
 12156 | D        | Reached skill level 27 in Maces & Flails
 12173 | D        | Killed an orb of fire
 12175 | D        | Killed a golden dragon
 12182 | D        | Killed a golden dragon
 12194 | D        | Noticed a Killer Klown
 12219 | D        | Killed a Killer Klown
 12324 | D        | Reached XP level 20. HP: 216/216 MP: 31/31
 12428 | D        | Noticed an ancient lich
 12446 | D        | Killed an ancient lich
 12446 | D        | Noticed an ancient lich
 12447 | D        | Reached skill level 27 in Unarmed Combat
 12454 | D        | Killed an ancient lich
 12579 | D        | Reached skill level 27 in Stealth
 12604 | D        | Got an elven rune of Zot
 12873 | D        | Noticed the Royal Jelly
 12886 | D        | Killed the Royal Jelly
 12886 | D        | Reached skill level 27 in Invocations
 13308 | D        | Reached XP level 21. HP: 101/224 MP: 17/37
 13314 | D        | Got a slimy rune of Zot
 13543 | D        | Reached skill level 15 in Crossbows
 14175 | D        | Noticed a greater mummy
 14194 | D        | Killed a greater mummy
 14636 | D        | Noticed a greater mummy
 14636 | D        | Noticed a greater mummy
 14636 | D        | Noticed a greater mummy
 14644 | D        | HP: 10/224 [??? (5)]
 14715 | D        | Killed a greater mummy
 14891 | D        | Killed a greater mummy
 15068 | D        | Killed a greater mummy
 15186 | D        | Got a golden rune of Zot
 15218 | D        | Reached skill level 27 in Crossbows
 15227 | D        | Got an abyssal rune of Zot
 15550 | D        | Noticed Geryon
 15564 | D        | Killed Geryon
 15575 | D        | Noticed Mnoleg
 15575 | D        | Noticed Lom Lobon
 15576 | D        | Noticed Gloorx Vloq
 15577 | D        | Killed Mnoleg
 15579 | D        | Got a glowing rune of Zot
 15581 | D        | Identified the +4 staff of Dispater
 15581 | D        | Noticed Dispater
 15582 | D        | Killed Lom Lobon
 15585 | D        | Noticed Ereshkigal
 15586 | D        | Killed Gloorx Vloq
 15589 | D        | Identified the +7 sceptre of Asmodeus
 15589 | D        | Noticed Asmodeus
 15590 | D        | Killed Dispater
 15590 | D        | Reached skill level 15 in Spellcasting
 15591 | D        | Identified the +6 sword of Cerebov {flame}
 15591 | D        | Noticed Cerebov
 15601 | D        | Killed Ereshkigal
 15601 | D        | Reached XP level 22. HP: 45/230 MP: 9/41
 15609 | D        | Killed Asmodeus
 15621 | D        | Killed from afar by Cerebov

Skill      XL: |  1  2  3  4  5  6  7  8  9 10 11 12 13 14 15 16 17 18 19 20 21 22 |
---------------+-------------------------------------------------------------------+-----
Fighting       | 4 5 6 7 8 10 11 13 14 16 18 19 20 22 24 27 | 27.0
Axes           | 3 4 5 7 8 9 10 11 13 14 16 17 18 | 18.8
Armour         | 4 5 6 7 8 10 11 13 14 16 17 19 22 24 27 | 27.0
Shields        | 4 5 6 7 8 10 11 13 14 16 17 19 22 24 27 | 27.0
Invocations    | 2 5 7 9 10 12 14 15 17 27 | 27.0
Crossbows      | 7 10 27 | 27.0
Dodging        | 5 13 16 21 27 | 27.0
Unarmed Combat | 5 12 15 25 27 | 27.0
Evocations     | 5 10 14 19 20 | 20.3
Maces & Flails | 12 25 27 | 27.0
Stealth        | 8 20 25 27 | 27.0
Spellcasting   | 16 18 | 18.6

Action                   |  1- 3 |  4- 6 |  7- 9 | 10-12 | 13-15 | 16-18 | 19-21 | 22-24 || total
-------------------------+-------+-------+-------+-------+-------+-------+-------+-------++-------
Melee: War axe           |    17 |    20 |    53 |   172 |   182 |       |       |       ||   444
       Headbutt          |     3 |     3 |    19 |    65 |   129 |   343 |   141 |    13 ||   716
       Broad axe         |       |       |       |       |   194 |    39 |       |       ||   233
       Sacred scourge    |       |       |       |       |    19 |   717 |   338 |    20 ||  1094
 Fire: Hand crossbow     |       |       |       |       |    20 |       |    34 |       ||    54
Invok: Slouch            |       |       |       |    16 |    21 |    14 |    45 |       ||    96
Evoke: Wand              |       |       |       |     2 |     2 |       |     1 |       ||     5
  Use: Potion            |     2 |       |       |     5 |     9 |     2 |    10 |       ||    28
       Scroll            |       |       |       |     5 |       |       |    15 |       ||    20
 Stab: Sleeping          |       |       |       |       |       |     2 |    12 |       ||    14
       Distracted        |       |       |       |       |       |       |     2 |       ||     2
  Eat: Ration            |       |       |       |     2 |     2 |     3 |     3 |       ||    10
       Chunk             |       |       |       |     1 |     1 |       |       |       ||     2
Armor: Scale mail        |     4 |       |       |       |       |       |       |       ||     4
       Chain mail        |       |    11 |    14 |    26 |       |       |       |       ||    51
       Plate armour      |       |       |       |    36 |   107 |   106 |     5 |       ||   254
       Gold dragon scale |       |       |       |       |       |       |    20 |     7 ||    27
Dodge: Dodged            |     2 |     1 |     9 |    30 |   140 |   304 |   118 |     2 ||   606
Block: Shield            |     8 |     5 |    29 |   123 |   375 |   511 |   209 |     5 ||  1265
       Reflection        |       |       |       |       |    30 |     2 |    15 |       ||    47
